 Dungeon Crawl Stone Soup version 0.28-a0-984-g3775c662fe (webtiles) character file.

Game seed: 3505163906182606965

123 fragbeetle the Grasshopper (level 5, -19/43 HPs)
             Began as a Gnoll Warper on Dec 4, 2021.
             Killed from afar by Ijyb (28 damage)
             ... with a bolt of acid
             ... on level 3 of the Dungeon.
             The game lasted 00:12:11 (4167 turns).

fragbeetle the Grasshopper (Gnoll Warper)           Turns: 4167, Time: 00:12:11

Health: -19/43     AC:  5    Str: 12    XL:     5   Next: 7%
Magic:  12/12      EV: 11    Int: 13    God:
Gold:   39         SH:  0    Dex: 11    Spells: 6/14 levels left

rFire   . . .      SeeInvis .   a - +0 spear
rCold   . . .      Faith    .   (no shield)
rNeg    . . .      Spirit   .   f - +0 ring mail
rPois   +          Reflect  .   (no helmet)
rElec   .          Harm     .   (no cloak)
rCorr   .          Rampage  .   (no gloves)
Will    .....                   (no boots)
Stlth   +.........              (no amulet)
HPRegen 0.14/turn               l - ring of poison resistance
MPRegen 0.13/turn               (no ring)

@: no status effects
A: fangs 1, strong nose, distributed training
a: no special abilities


You were on level 3 of the Dungeon.
You visited 1 branch of the dungeon, and saw 4 of its levels.

You collected 39 gold pieces.

Inventory:

Hand Weapons
 a - a +0 spear (weapon)
 h - a +0 trident
Missiles
 d - 5 boomerangs of dispersal (quivered)
Armour
 b - a +0 leather armour
 f - a +0 ring mail (worn)
Magical Staves
 n - a staff of earth
Jewellery
 l - a ring of poison resistance (left hand)
Scrolls
 c - a scroll of blinking
 i - 2 scrolls of magic mapping
 j - a scroll of fog {unknown}
Potions
 e - 2 potions of curing {unknown}
 g - 2 potions of haste {unknown}
 k - 2 potions of attraction {unknown}
 m - a potion of lignification {unknown}


   Skills:
 + Level 4.7 Fighting
 + Level 1.3 Short Blades
 + Level 1.3 Long Blades
 + Level 1.3 Axes
 + Level 1.3 Maces & Flails
 + Level 4.7 Polearms
 + Level 1.3 Staves
 + Level 1.3 Slings
 + Level 1.3 Bows
 + Level 1.3 Crossbows
 + Level 2.9 Throwing
 + Level 2.9 Armour
 + Level 4.7 Dodging
 + Level 1.3 Stealth
 + Level 1.3 Shields
 + Level 1.3 Unarmed Combat
 + Level 5.1 Spellcasting
 + Level 1.1 Conjurations
 + Level 1.1 Hexes
 + Level 1.1 Summonings
 + Level 1.1 Necromancy
 + Level 5.5 Translocations
 + Level 1.1 Transmutations
 + Level 1.1 Fire Magic
 + Level 1.1 Ice Magic
 + Level 1.1 Air Magic
 + Level 1.1 Earth Magic
 + Level 1.1 Poison Magic
 + Level 1.5 Invocations
 + Level 1.3 Evocations


You had 6 spell levels left.
You knew the following spells:

 Your Spells              Type           Power      Damage    Failure   Level
a - Blink                 Tloc           34%        N/A       6%          2
b - Gell's Gravitas       Tloc           17%        N/A       13%         3
c - Teleport Other        Tloc           17%        N/A       13%         3

Your spell library contained the following spells:

 Spells                   Type           Power      Damage    Failure   Level
 Lesser Beckoning         Tloc           17%        N/A       13%         3
 Manifold Assault         Tloc           17%        N/A       75%         5


Dungeon Overview and Level Annotations

Branches:
Dungeon (4/15)
 Temple: D:4-7

Altars:

Shops:
D:1 =![:

Annotations:
D:3 Ijyb


Innate Abilities, Weirdness & Mutations

You have very sharp teeth.
Your uncanny sense of smell can sniff out nearby items.
Your experience applies equally to all skills.


Message History

The kobold is severely wounded.
The kobold closely misses you.
You completely miss the kobold.
The kobold is severely wounded.
The kobold barely misses you.
You closely miss the kobold.
The kobold is severely wounded.
The kobold hits you with a +0 short sword.
You hit the kobold.
You kill the kobold!
Things that are here:
a +0 short sword; 5 stones; a kobold corpse You see here 12 arrows.
You see here 12 arrows.
Ijyb shouts!
Ijyb is nearby!
Okay, then.
Okay, then.
As you read the scroll labelled DOTAEX IQUDUI, it crumbles to dust.
You feel aware of your surroundings.
You sensed 1 altar.
It was a scroll of magic mapping.
Ijyb hits you with a +0 dagger.
You hit Ijyb. Your bite misses Ijyb.
Ijyb is lightly wounded.
You completely miss Ijyb.
Ijyb is lightly wounded.
Ijyb hits you with a +0 dagger.
You hit Ijyb but do no damage.
Ijyb is lightly wounded.
Ijyb hits you with a +0 dagger.
You closely miss Ijyb. Your bite misses Ijyb.
Ijyb is lightly wounded.
Ijyb zaps a wand.
The bolt of acid hits you!!
Ouch! That really hurt!
* * * LOW HITPOINT WARNING * * *
You hit Ijyb but do no damage.
Ijyb is lightly wounded.
Ijyb zaps a wand.
The bolt of acid hits you!!
Ouch! That really hurt!
You die...

*.#.≈....≈≈.....≈.####.#####
*,......≈_.≈....≈.).†.......
**#.≈....≈≈.....≈.####.#####
#.≈.....).....≈.# #.# ###
*#.≈.........§.## #.# #..
##.≈.........## #.###.#
##.§.....≈..# #......
##.≈≈≈≈§...# #####.#
##...@g#### #.#
###.###############.#
#.......(.........#
#.################# #)# #.#
###


You could see Ijyb.

Vanquished Creatures
  4 gnolls (D:2)
  An adder (D:3)
  A worm (D:2)
  4 dart slugs
  4 orcs (D:2)
  6 bats
  6 endoplasms
  4 goblins
  3 hobgoblins
  2 jackals (D:3)
  7 kobolds
  7 quokkas
  4 ball pythons
  A frilled lizard (D:2)
  2 rats
56 creatures vanquished.

Vanquished Creatures (others)
  An orc (D:3)
1 creature vanquished.

Grand Total: 57 creatures vanquished

Notes
Turn   | Place    | Note
-------+----------+-------------------------------------------
     0 | D:1      | fragbeetle the Gnoll Warper began the quest for the Orb.
     0 | D:1      | Reached XP level 1. HP: 20/20 MP: 6/6
    19 | D:1      | Found Hatwub's Distillery.
   287 | D:1      | Reached XP level 2. HP: 26/26 MP: 7/7
   296 | D:1      | Learned a level 2 spell: Blink
   560 | D:1      | Found Inus's Book Shop.
   563 | D:1      | Found Kulituri's Armour Emporium.
   730 | D:1      | Found Fethresa's Jewellery Shoppe.
  1434 | D:2      | Reached XP level 3. HP: 31/31 MP: 9/9
  1438 | D:2      | Learned a level 3 spell: Gell's Gravitas
  1442 | D:2      | Learned a level 3 spell: Teleport Other
  1537 | D:2      | Reached skill level 5 in Spellcasting
  1758 | D:2      | Reached skill level 1 in Invocations
  1891 | D:2      | Reached skill level 1 in Short Blades
  1891 | D:2      | Reached skill level 1 in Long Blades
  1891 | D:2      | Reached skill level 1 in Axes
  1891 | D:2      | Reached skill level 1 in Maces & Flails
  1891 | D:2      | Reached skill level 1 in Staves
  1891 | D:2      | Reached skill level 1 in Slings
  1891 | D:2      | Reached skill level 1 in Bows
  1891 | D:2      | Reached skill level 1 in Crossbows
  1891 | D:2      | Reached skill level 1 in Stealth
  1891 | D:2      | Reached skill level 1 in Shields
  1891 | D:2      | Reached skill level 1 in Unarmed Combat
  1891 | D:2      | Reached skill level 1 in Evocations
  2140 | D:2      | Reached XP level 4. HP: 15/38 MP: 0/11
  2806 | D:3      | Reached skill level 1 in Conjurations
  2806 | D:3      | Reached skill level 1 in Hexes
  2806 | D:3      | Reached skill level 1 in Summonings
  2806 | D:3      | Reached skill level 1 in Necromancy
  2806 | D:3      | Reached skill level 1 in Transmutations
  2806 | D:3      | Reached skill level 1 in Fire Magic
  2806 | D:3      | Reached skill level 1 in Ice Magic
  2806 | D:3      | Reached skill level 1 in Air Magic
  2806 | D:3      | Reached skill level 1 in Earth Magic
  2806 | D:3      | Reached skill level 1 in Poison Magic
  3162 | D:3      | Noticed Ijyb
  3940 | D:3      | Reached XP level 5. HP: 35/43 MP: 12/12
  4054 | D:3      | Found a faded altar of an unknown god.
  4167 | D:3      | Killed from afar by Ijyb

Illustrated notes

Levels and vault maps discovered:
D:1:      dpeg_arrival_shrine, layout_basic, serial_shops, shop,
          nicolae_shop_trees, nicolae_shop_statue_plus, shop,
          grunt_decor_arrowhead, kennysheep_decorative_pillar
D:2:      layout_basic
D:3:      layout_basic, mainiacjoe_overflow_brackets,
          shapermc_ecumenical_altar_starsandcircs, uniq_ijyb, uniq_jessica
D:4:      wander_river, layout_gridville, okawaru_gym_becter,
          kennysheep_generic_room_6, uniq_natasha

Skill      XL: |  1  2  3  4 |
---------------+-------------+-----
Spellcasting   | 5 |  5.1
Invocations    | 1 |  1.5
Short Blades   | 1 |  1.3
Long Blades    | 1 |  1.3
Axes           | 1 |  1.3
Maces & Flails | 1 |  1.3
Staves         | 1 |  1.3
Slings         | 1 |  1.3
Bows           | 1 |  1.3
Crossbows      | 1 |  1.3
Stealth        | 1 |  1.3
Shields        | 1 |  1.3
Unarmed Combat | 1 |  1.3
Evocations     | 1 |  1.3
Conjurations   | 1 |  1.1
Hexes          | 1 |  1.1
Summonings     | 1 |  1.1
Necromancy     | 1 |  1.1
Transmutations | 1 |  1.1
Fire Magic     | 1 |  1.1
Ice Magic      | 1 |  1.1
Air Magic      | 1 |  1.1
Earth Magic    | 1 |  1.1
Poison Magic   | 1 |  1.1
Fighting       | |  4.7
Polearms       | |  4.7
Throwing       | |  2.9
Armour         | |  2.9
Dodging        | |  4.7
Translocations | |  5.5

Action                   |  1- 3 |  4- 6 || total
-------------------------+-------+-------++-------
Melee: Spear             |   161 |   131 ||   292
       Bite              |    11 |     4 ||    15
       Punch             |     1 |       ||     1
 Cast: Gell's Gravitas   |     3 |     2 ||     5
  Use: Scroll            |       |     1 ||     1
Armor: Leather armour    |     3 |       ||     3
       Ring mail         |    38 |    28 ||    66
Dodge: Dodged            |    77 |    83 ||   160

Table legend: (Time is in decaauts)
 A = Elapsed time spent in this place.
 B = Non-inter-level travel time spent in this place.
 C = Inter-level travel time spent in this place.
 D = Time resting spent in this place.
 E = Time spent auto-exploring this place.
 F = Levels seen in this place.
 G = Mean time per level.
                   A        B        C        D        E       F      G
               +--------+--------+--------+--------+--------+-----+--------+
         Total |   4142 |   4142 |      0 |   1236 |   1640 |   4 | 1035.5 |
       Dungeon |   4142 |   4142 |      0 |   1236 |   1640 |   4 | 1035.5 |
               +--------+--------+--------+--------+--------+-----+--------+

Top non-repeatable levels by time:
     D:2: 2209 daAuts
     D:1: 1256 daAuts
     D:3: 669 daAuts
     D:4: 7 daAuts
